 Dungeon Crawl Stone Soup version 0.21.1-1-g345015f (webtiles) character file.

221 Legadrian the Chopper (level 5, -1/47 HPs)
             Began as a Hill Orc Fighter on July 3, 2018.
             Killed by nerve-wracking pain
             ... invoked by Grinder
              (10 damage)
             ... on level 3 of the Dungeon.
             The game lasted 00:10:52 (1982 turns).

Legadrian the Chopper (Hill Orc Fighter)            Turns: 1982, Time: 00:10:53

Health: -1/47      AC:  9    Str: 20    XL:     5   Next: 98%
Magic:  14/14      EV:  5    Int:  8    God:
Gold:   122        SH:  9    Dex: 10    Spells: 4/4 levels left

rFire    . . .     SeeInvis .   a - +0 war axe
rCold    . . .     Gourm    .   c - +0 shield
rNeg     . . .     Faith    .   m - +0 chain mail
rPois    .         Spirit   .   (no helmet)
rElec    .         Reflect  .   (no cloak)
rCorr    +         Harm     .   (no gloves)
MR       .....                  (no boots)
Stlth    ..........             (no amulet)
HPRegen  0.15/turn              l - ring of resist corrosion
MPRegen  0.14/turn              t - ring of magical power

@: about to teleport
A: no striking features
a: no special abilities


You were on level 3 of the Dungeon.
You were not hungry.

You visited 1 branch of the dungeon, and saw 3 of its levels.

You collected 122 gold pieces.

Inventory:

Hand Weapons
 a - a +0 war axe (weapon)
 e - a +0 hunting sling
Missiles
 h - 137 stones (quivered)
 i - 9 poisoned needles
 j - 8 needles of paralysis
 s - 17 sling bullets
Armour
 b - a +0 scale mail
 c - a +0 shield (worn)
 m - a +0 chain mail (worn)
 w - a cursed +0 robe
Jewellery
 l - a ring of resist corrosion (left hand)
 t - a ring of magical power (right hand)
Wands
 v - a wand of scattershot (6)
Scrolls
 o - 2 scrolls of identify
 p - a scroll of teleportation
 q - a scroll of remove curse {unknown}
 x - a scroll of random uselessness {unknown}
Potions
 d - a potion of might
 g - a potion of brilliance
 k - a potion of heal wounds {unknown}
 n - a potion of magic {unknown}
 r - a potion of flight {unknown}
 u - 2 potions of resistance {unknown}
Comestibles
 f - 9 rations
 z - 3 chunks of flesh


   Skills:
 + Level 4.4 Fighting
 + Level 5.4 Axes
 + Level 4.2 Armour
 + Level 0.6 Dodging
 + Level 4.3 Shields


You had 4 spell levels left.
You didn't know any spells.

Dungeon Overview and Level Annotations

Branches:
Dungeon (3/15)

Altars:

Annotations:
D:3 Grinder


Message History

Grinder is moderately wounded.
You block Grinder's attack.
You hit Grinder but do no damage.
Grinder is moderately wounded.
Grinder gestures at you. Pain shoots through your body!
Your chain mail prevents you from hitting Grinder.
Grinder is moderately wounded.
Grinder hits you! x2
* * * LOW HITPOINT WARNING * * *
You writhe in agony.
* * * LOW HITPOINT WARNING * * *
You closely miss Grinder.
Grinder is moderately wounded.
Grinder hits you but does no damage.
As you read the scroll of teleportation, it crumbles to dust.
You feel strangely unstable. Grinder gestures at you.
Pain shoots through your body!
You die...

#.# # ###.# .# ..#.#
## #.# #.#.# #.#5.#
#.#.# #@# #.#.# #.#
#.#.# #####.#
####.#.# #.....#
..รท)...#####.######
###.##..............
#.##.#####.#######
#.##.# #.# #.##.#
#.#


You could see Grinder.

Vanquished Creatures
  The ghost of reamonnk the Skirmisher, an amateur DsAK of Lugonu (D:3)
  2 adders
  4 worms
  A dart slug (D:2)
  3 leopard geckos
  An orc (D:3)
  5 bats
  3 giant cockroaches
  6 goblins
  5 hobgoblins
  A quokka (D:2)
  6 frilled lizards
  8 kobolds
  14 rats
60 creatures vanquished.

Notes
Turn   | Place    | Note
-------+----------+-------------------------------------------
     0 | D:1      | Legadrian the Hill Orc Fighter began the quest for the Orb.
     0 | D:1      | Reached XP level 1. HP: 19/19 MP: 1/1
   341 | D:1      | Reached XP level 2. HP: 20/27 MP: 2/2
   767 | D:1      | Reached skill level 3 in Axes
   936 | D:2      | Reached XP level 3. HP: 33/33 MP: 3/3
  1365 | D:2      | Reached skill level 4 in Axes
  1382 | D:2      | Reached XP level 4. HP: 39/40 MP: 4/4
  1480 | D:3      | Noticed reamonnk's ghost (amateur DsAK)
  1511 | D:3      | Killed reamonnk's ghost
  1511 | D:3      | Reached skill level 5 in Axes
  1511 | D:3      | Reached XP level 5. HP: 30/47 MP: 5/5
  1973 | D:3      | Noticed Grinder
  1982 | D:3      | Killed from afar by Grinder

Skill      XL: |  1  2  3  4 |
---------------+-------------+-----
Fighting       | 4 |  4.4
Axes           | 3 4 5 |  5.4
Armour         | 4 |  4.2
Shields        | 4 |  4.3
Dodging        | |  0.6

Action                   |  1- 3 |  4- 6 || total
-------------------------+-------+-------++-------
Melee: War axe           |   139 |    82 ||   221
  Use: Scroll            |     4 |     2 ||     6
  Eat: Chunk             |     2 |     2 ||     4
Armor: Scale mail        |    25 |       ||    25
       Chain mail        |    52 |    57 ||   109
Dodge: Dodged            |    36 |    14 ||    50
Block: Shield            |    48 |    50 ||    98
